 Dungeon Crawl Stone Soup version 0.30-a0-1160-g6e42c06551 (webtiles) character file.

Game seed: 13832723029384842023

209877 FlurksSlurper the Cleaver (level 18, -32/147 HPs)
             Began as a Demonspawn Brigand on Apr 25, 2023.
             Was an Initiate of Gozag.
             Annihilated by an alligator snapping turtle (90 damage)
             ... on level 2 of the Shoals.
             The game lasted 02:05:18 (33927 turns).

FlurksSlurper the Cleaver (Demonspawn Brigand)     Turns: 33927, Time: 02:05:19

Health: -32/147    AC: 14    Str: 13    XL:     18   Next: 17%
Magic:  0/31       EV:  2    Int: 22    God:    Gozag
Gold:   4580       SH:  0    Dex: 18    Spells: 17/36 levels left

rFire   + . .        a - +8 mithril axe "Arga" {speed, Will+}
rCold   + . .        U - +2 kite shield {rPois}
rNeg    . . .        g - +3 robe of Clouds {*Thunder rCloud rElec}
rPois   +            O - +4 helmet of Muttered Phrases {Rampage Int+6}
rElec   +            m - scarf {rC+ rF+}
rCorr   .            x - +2 pair of gloves {Dex+3}
SInv    .            (boots unavailable)
Will    +....        Y - amulet of the acrobat
Stlth   ++++++       H - ring of Feluoq {Int+2 Slay+4 Stlth+}
HPRegen 1.44/turn    N - ring of Emuor {+Blink Fly Will+ EV+5 Int-5}
MPRegen 0.44/turn

%: repel missiles, acrobat, guardian spirit, rampage
@: sleeping, weak-willed, gold aura, flying
A: hooves 3, repulsion field 3, powered by death 2, robust 1, magic shield,
magic regeneration, magic link
}: 1/15 runes: serpentine
a: Renounce Religion, Evoke Blink, Potion Petition, Call Merchant, Bribe Branch


You were on level 2 of the Shoals.
You worshipped Gozag.
Gozag was most pleased with you.
You visited 6 branches of the dungeon, and saw 29 of its levels.
You also visited: Bailey and Gauntlet.

You collected 12042 gold pieces.
You spent 5508 gold pieces at shops.
You paid 1954 gold pieces to Gozag.

Inventory:

Hand Weapons
 a - the +8 mithril axe "Arga" (weapon) {speed, Will+}
   (You bought it in a shop on level 4 of the Lair of Beasts)

   Will:      It increases your willpower.
 b - a +4 scimitar of flaming
 e - a +1 double sword
 s - the +1 war axe of Riecilu {pain, rN+ Will+ Str+3 Int+4}
   (You found it on level 2 of the Dungeon)

   Str:       It affects your strength (+3).
   Int:       It affects your intelligence (+4).
   rN:        It protects you from negative energy.
   Will:      It increases your willpower.
Missiles
 d - 35 poisoned darts (quivered)
 q - 2 boomerangs of dispersal
 y - 5 datura-tipped darts
 B - 12 javelins
 D - 3 throwing nets
 L - 16 boomerangs
 T - 6 atropa-tipped darts
 W - 4 curare-tipped darts
Armour
 g - the +3 robe of Clouds (worn) {*Thunder rCloud rElec}
   (You found it on level 2 of the Dungeon)

   *Thunder:  It occasionally creates storm clouds above nearby enemies.
   rCloud:    It grants its wearer immunity to clouds.
   rElec:     It insulates you from electricity.
 m - a scarf of resistance (worn)
 x - a +2 pair of gloves of dexterity (worn)
 O - the +4 helmet of Muttered Phrases (worn) {Rampage Int+6}
   (You bought it in a shop on level 7 of the Dungeon)

   Int:       It affects your intelligence (+6).
   Rampage:   It bestows one free step when moving towards enemies.
 U - a +2 kite shield of poison resistance (worn)
Jewellery
 H - the ring of Feluoq (left hand) {Int+2 Slay+4 Stlth+}
   (You found it in a Gauntlet)

   [ring of slaying]

   Int:       It affects your intelligence (+2).
   Slay:      It affects your accuracy & damage with ranged weapons and melee
   (+4).
   Stlth:     It makes you more stealthy.
 N - the ring of Emuor (right hand) {+Blink Fly Will+ EV+5 Int-5}
   (You found it on level 10 of the Dungeon)

   [ring of evasion]

   EV:        It affects your evasion (+5).
   Int:       It affects your intelligence (-5).
   Fly:       It grants you flight.
   +Blink:    It lets you blink.
   Will:      It increases your willpower.
 Y - an amulet of the acrobat (around neck)
Wands
 l - a wand of flame (31)
 z - a wand of charming (30)
 M - a wand of digging (4)
 P - a wand of polymorph (9)
 R - a wand of mindburst (33)
 X - a wand of roots (9)
 Z - a wand of acid (16)
Scrolls
 f - 11 scrolls of fog
 h - 5 scrolls of magic mapping
 j - 13 scrolls of teleportation
 u - 9 scrolls of identify
 v - a scroll of poison
 w - 2 scrolls of enchant armour
 E - 2 scrolls of enchant weapon
 F - 2 scrolls of butterflies
 G - 2 scrolls of blinking
 K - 3 scrolls of fear
 S - 2 scrolls of amnesia
Potions
 c - a potion of magic
 i - 2 potions of ambrosia
 k - a potion of cancellation
 n - 4 potions of flight
 o - a potion of berserk rage
 p - 6 potions of resistance
 r - 3 potions of curing
 A - a potion of haste
 C - 4 potions of might
 I - 4 potions of brilliance
 Q - 3 potions of attraction
 V - 3 potions of lignification
Miscellaneous
 t - a phantom mirror


   Skills:
 + Level 9.7 Fighting
 - Level 1.7 Short Blades
 + Level 13.1 Axes
 + Level 4.4 Throwing
 * Level 7.4 Armour
 + Level 9.4 Dodging
 + Level 10.2 Stealth
 * Level 7.1 Shields
 * Level 7.2 Unarmed Combat
 + Level 9.7 Spellcasting
 + Level 7.8 Conjurations
 * Level 6.8 Hexes
 + Level 10.2 Summonings
 + Level 8.1 Necromancy
 * Level 0.6 Air Magic
 + Level 7.3 Earth Magic
 * Level 8.3 Evocations


You had 17 spell levels left.
You knew the following spells:

 Your Spells              Type           Power      Damage    Failure   Level
a - Call Canine Familiar  Summ           54%        N/A       1%          3
b - Dispel Undead         Necr           46%        3d18      6%          4
c - Animate Armour        Summ/Erth      98%        N/A       4%          4
d - Magic Dart            Conj           100%       1d8       1%          1
e - Tukima's Dance        Hex            40%        N/A       3%          3
f - Summon Lightning Spi  Summ/Air       34%        N/A       19%         4

Your spell library contained the following spells:

 Spells                   Type           Power      Damage    Failure   Level
 Kiss of Death            Conj/Necr      100%       2d13      1%          1
 Summon Small Mammal      Summ           100%       N/A       1%          1
 Summon Guardian Golem    Hex/Summ       48%        N/A       1%          3
 Dazzling Flash           Conj/Hex       84%        N/A       2%          3
 Stone Arrow              Conj/Erth      88%        3d12      2%          3
 Foxfire                  Conj/Fire      100%       2x1d9     3%          1
 Static Discharge         Conj/Air       58%        2-5/arc   4%          2
 Momentum Strike          Conj/Tloc      56%        3d9       5%          2
 Ensorcelled Hibernation  Hex/Ice        50%        N/A       6%          2
 Cigotuvi's Dreadful Rot  Necr/Pois/Air  46%        N/A       8%          2
 Anguish                  Hex/Necr       21%        N/A       9%          4
 Leda's Liquefaction      Hex/Erth       20%        N/A       10%         4
 Portal Projectile        Hex/Tloc       50%        N/A       13%         3
 Mephitic Cloud           Conj/Pois/Air  23%        N/A       16%         3
 Agony                    Necr           46%        N/A       17%         5
 Borgnjor's Vile Clutch   Necr/Erth      22%        N/A       21%         5
 Poisonous Vapours        Pois/Air       24%        N/A       22%         2
 Lee's Rapid Deconstruct  Erth           21%        3d12*     24%         5
 Blink                    Tloc           20%        N/A       26%         2
 Lesser Beckoning         Tloc           20%        N/A       26%         2
 Gell's Gravitas          Tloc           10%        N/A       45%         3
 Ignite Poison            Fire/Tmut/Pois 10%        N/A       45%         3
 Ozocubu's Armour         Ice            10%        N/A       45%         3
 Spider Form              Tmut/Pois      10%        N/A       45%         3
 Teleport Other           Tloc           10%        N/A       45%         3
 Death Channel            Necr           23%        N/A       67%         6
 Silence                  Hex/Air        13%        N/A       71%         5
 Metabolic Englaciation   Hex/Ice        12%        N/A       75%         5
 Airstrike                Air            6%         2d(1-17)  80%         4
 Freezing Cloud           Conj/Ice/Air   11%        6-21      83%         5
 Blade Hands              Tmut           5%         N/A       99%         5
 Statue Form              Tmut/Erth      17%        N/A       99%         6
 Lehudib's Crystal Spear  Conj/Erth      22%        10d6      100%        8
 Animate Dead             Necr           Unusable   N/A       N/A         4
 Simulacrum               Ice/Necr       Unusable   N/A       N/A         6

Dungeon Overview and Level Annotations

Branches:
Dungeon (15/15)            Temple (1/1) D:7            Lair (5/5) D:9
 Shoals (2/4) Lair:3        Snake (4/4) Lair:2        Slime (0/5) Lair:4
    Orc (2/2) D:9             Elf (0/3) Orc:2        Vaults (0/5) D:14
 Depths (0/4) D:15         Bailey (visited)         Gauntlet (visited)

Altars:
Ashenzari
Cheibriados
Dithmenos
Fedhas
Gozag
Hepliaklqana
Kikubaaqudgha
Makhleb
Qazlal
Trog
Uskayaw
Vehumet
Wu Jian
Yredelemnul

Shops:
D:2 :   D:7 [[**   D:14 [   Orc:2 *=[   Lair:4 (   Shoals:1 [:   Snake:1 (!
Snake:2 [

Annotations:
D:3 3 runed translucent doors, Numeracy's ghost, weakling TrGl
D:4 2 runed translucent doors
Lair:2 3 runed translucent doors, dogaso222's ghost, journeyman KoBr


Innate Abilities, Weirdness & Mutations

You have hooves in place of feet.
You are surrounded by a strong repulsion field. (EV +4, RMsl)
You regenerate health from kills.
You are robust. (+10% HP)
When hurt, damage is shared between your health and your magic reserves.
You regenerate magic rapidly.
When low on magic, you restore magic in place of health.


Message History

You rampage towards the faun!
You slash the faun! You kick the faun.
You kill the faun!
You hear a splash. x2
You hit the alligator snapping turtle.
The faun points at you and mumbles some strange words.
You easily resist.
The alligator snapping turtle bites you!
Unknown command.
Casting: Animate Armour (mildly dangerous; 4% risk of failure)
Confirm with . or Enter, or press ? or * to list all spells.
The satyr shoots an arrow.
You block the arrow.
The faun is distracted by your dazzling golden aura.
The faun shoots a sling bullet.
You block the sling bullet. You block the skyshark's attack.
The skyshark tail-slaps you.
The skyshark tail-slaps you but does no damage.
The alligator snapping turtle bites you!!!
You hear a shout!
Unknown command.
You hit the alligator snapping turtle but do no damage.
You kick the alligator snapping turtle.
The alligator snapping turtle is lightly wounded.
You closely miss the skyshark.
The faun no longer looks unusually strong.
The satyr shoots an arrow.
The arrow completely misses you.
The faun shoots a sling bullet.
You block the sling bullet.
The skyshark is distracted by your dazzling golden aura.
You completely miss the alligator snapping turtle.
You kick the alligator snapping turtle, but do no damage.
The alligator snapping turtle is lightly wounded.
You hit the skyshark.
The skyshark is no longer distracted by gold.
The faun is no longer distracted by gold.
The skyshark barely misses you. The skyshark closely misses you.
You block the skyshark's attack.
The satyr plays a lulling melody on his pipes!
You fall asleep.
The alligator snapping turtle bites you!!!!
Ouch! That really hurt!
You die...
Your body crumbles into a pile of gold.

≈≈≈≈≈≈~≈≈≈≈~~~~~~
≈≈~~~~~~~~~~~~~~~~
~~~~~~~~~~~~~~~~~~~
~~~~~~~~~~~~~~~~..~
~...~~~~~~~~~...>$
.....~~c~~~~~....
##l~$c~~~~~..#
...###.t@~c~~~~~~.#
.......~~...~$~~~.##
..........[)~~~~....
.............~~~...~
..PP#....###.~~~...~
... ####.###.~~~~..~
.. ###......~~~~≈≈≈
~ .......<..P~~~≈≈
..P.......P~~~~≈


You could see an alligator snapping turtle, a skyshark, a satyr, 2 fauns and a
friendly animated robe (summoned).

Vanquished Creatures
  Jorgrun (Orc:1)
  Asterion (Snake:3)
  Gastronok (Orc:1)
  A kraken (Shoals:1)
  Kirke (Lair:5)
  Roxanne (Snake:3)
  4 nagarajas (Snake:4)
  Louise (Snake:3)
  An ironbound preserver (D:14)
  2 orc warlords (Orc:2)
  A minotaur (Gauntlet)
  Snorg (Lair:3)
  A merfolk javelineer (Shoals:1)
  Josephine (Orc:1)
  4 merfolk impalers (Shoals:1)
  12 salamander tyrants
  5 centaur warriors
  4 two-headed ogres
  2 catoblepae
  6 hydras
  13 anacondas
  6 boulder beetles
  Erica (Lair:1)
  4 tengu warriors (D:14)
  14 naga warriors
  16 naga sharpshooters
  2 orc high priests
  5 shock serpents
  Nergalle (Lair:1)
  Sonja (Lair:2)
  A deep elf knight (Orc:2)
  3 skysharks
  8 salamander mystics
  A fire crab (Lair:3)
  2 sea snakes (Shoals:1)
  2 goliath frogs (Lair:5)
  9 naga ritualists
  3 wizards
  8 harpies (Shoals:1)
  3 orc knights
  A necromancer (D:15)
  3 deep elf pyromancers
  Pikel (D:5)
  5 cyclopes
  11 mana vipers
  A deep elf zephyrmancer (Orc:2)
  4 orc sorcerers
  A faun (Shoals:2)
  10 ugly things
  31 salamanders
  6 manticores
  2 merfolk sirens (Shoals:1)
  8 elephants
  35 black mambas
  2 water nymphs (Shoals:1)
  5 guardian serpents
  17 naga magi
  2 gargoyles (Gauntlet)
  3 centaur skeletons (D:15)
  A rime drake (Lair:3)
  11 komodo dragons
  17 cane toads
  2 unseen horrors
  An efreet (D:14)
  A tengu conjurer (D:12)
  11 trolls
  3 meliai (D:15)
  9 merfolk
  4 polar bears
  2 wind drakes
  Prince Ribbit (D:8)
  3 tyrant leeches (Lair:5)
  20 dream sheep
  28 blink frogs
  A centaur simulacrum (D:15)
  7 flying skulls (Gauntlet)
  3 slime creatures (D:12)
  A snapping turtle (Shoals:1)
  6 wraiths
  40 yaks
  3 shadows
  A wyvern (D:9)
  5 basilisks
  A steam dragon (D:8)
  Grum (Lair:1)
  13 vampire mosquitoes
  50 nagas
  5 wargs
  11 water moccasins
  2 acid dragons
  A sky beast (D:6)
  47 orc warriors
  An ice beast (D:7)
  7 black bears
  21 wolves
  5 boggarts (D:15)
  10 ogres
  12 centaurs
  A phantom (D:7)
  A kobold brigand (D:7)
  13 bullfrogs
  4 scorpions
  A gnoll sergeant (Orc:2)
  8 wights (D:8)
  45 killer bees
  5 spriggan skeletons (D:10)
  A troll skeleton (D:10)
  12 electric eels
  9 howler monkeys
  5 hounds
  2 jellies (D:6)
  14 orc priests
  A boggart zombie (D:15)
  2 iguanas
  2 sleepcaps
  20 orc wizards
  6 hell rats (Lair:3)
  7 adders
  3 gnolls (D:3)
  3 shadow imps
  4 white imps
  An ufetubus (D:6)
  3 worms
  4 dart slugs
  87 orcs
  2 ball pythons
  7 endoplasms
  9 goblins
  3 hobgoblins
  4 quokkas
  9 bats
  3 frilled lizards
  11 kobolds
  5 rats
  A spectral goblin (D:2)
  2 tentacles (Shoals:1)
990 creatures vanquished.

Vanquished Creatures (collateral kills)
  2 hydras
  A naga warrior (Snake:2)
  A two-headed ogre (Orc:2)
  A boulder beetle (D:14)
  A shock serpent (Snake:3)
  A salamander mystic (Snake:3)
  An ugly thing (D:14)
  A salamander (Snake:4)
  5 elephants (Lair:5)
  A torpor snail (Lair:4)
  4 cane toads
  A polar bear (Lair:5)
  6 blink frogs
  A dream sheep (Lair:3)
  3 flying skulls (Gauntlet)
  A wyvern (Lair:4)
  A basilisk (D:8)
  A naga (Snake:2)
  A water moccasin (Lair:3)
  5 orc warriors
  3 wolves (Lair:5)
  2 bullfrogs
  2 killer bees (D:11)
  2 orc priests (Orc:1)
  A hell rat (Lair:3)
  2 orc wizards
  4 orcs
55 creatures vanquished.

Vanquished Creatures (others)
  An anaconda (Snake:4)
  A molten gargoyle (Gauntlet)
  A yak (D:8)
  4 humans (Lair:5)
  3 dancing weapons
  An orc warrior (Bailey)
  A centaur (Orc:2)
  A wolf (Lair:5)
  20 fungi
  125 plants
  10 tentacles (Shoals:1)
168 creatures vanquished.

Grand Total: 1213 creatures vanquished

Notes
Turn   | Place    | Note
-------+----------+-------------------------------------------
     0 | D:1      | FlurksSlurper the Demonspawn Brigand began the quest for
                  | the Orb.
     0 | D:1      | Reached XP level 1. HP: 16/16 MP: 1/1
    88 | D:1      | Reached skill level 1 in Spellcasting
   191 | D:1      | Gained mutation: You have large cloven feet. [demonic
                  | ancestry]
   191 | D:1      | Reached XP level 2. HP: 22/22 MP: 4/4
   680 | D:2      | Gained mutation: You are surrounded by a mild repulsion
                  | field. (EV +2) [demonic ancestry]
   680 | D:2      | Reached XP level 3. HP: 24/27 MP: 6/6
   763 | D:2      | Found Zoacruxu's Book Boutique.
   786 | D:2      | Found the +3 robe of Clouds {*Thunder rCloud rElec}
   853 | D:2      | Identified the +1 war axe of Riecilu {pain, rN+ Will+ Str+3
                  | Int+4}
  1054 | D:2      | Learned a level 3 spell: Call Canine Familiar
  1231 | D:2      | Found a faded altar of an unknown god.
  1345 | D:3      | Reached skill level 1 in Summonings
  1345 | D:3      | Reached XP level 4. HP: 33/33 MP: 8/8
  1658 | D:3      | Found a runed translucent gate.
  1658 | D:3      | Found a runed translucent gate.
  1659 | D:3      | Found a runed translucent gate.
  1808 | D:3      | Noticed Numeracy's ghost (weakling TrGl)
  1962 | D:4      | Gained mutation: You are surrounded by a moderate repulsion
                  | field. (EV +3) [demonic ancestry]
  1962 | D:4      | Reached XP level 5. HP: 34/38 MP: 10/10
  1966 | D:4      | Reached XP level 6. HP: 41/44 MP: 10/12
  1993 | D:4      | Found a large runed translucent door.
  1994 | D:4      | Found a large runed translucent door.
  2113 | D:4      | Reached skill level 5 in Spellcasting
  2234 | D:4      | Gained mutation: You regenerate magic rapidly. [demonic
                  | ancestry]
  2234 | D:4      | Reached XP level 7. HP: 48/50 MP: 14/14
  2590 | D:5      | Entered Level 5 of the Dungeon
  2653 | D:5      | Reached skill level 1 in Axes
  2653 | D:5      | Reached skill level 1 in Dodging
  2715 | D:5      | Reached skill level 2 in Axes
  2715 | D:5      | Reached skill level 1 in Necromancy
  2722 | D:5      | Reached skill level 1 in Armour
  2752 | D:5      | Reached XP level 8. HP: 35/56 MP: 16/16
  2763 | D:5      | Reached skill level 3 in Axes
  2898 | D:5      | You fall into a shaft and drop 2 floors!
  2905 | D:7      | Reached skill level 5 in Summonings
  2952 | D:7      | Reached skill level 4 in Axes
  2965 | D:7      | Found Zyfow's Antique Armour Shop.
  2972 | D:7      | Found a flagged portal.
  3017 | D:7      | Reached skill level 5 in Axes
  3069 | Bailey   | Entered a bailey
  3101 | Bailey   | HP: 2/57 [orc warrior/+0 glaive (16)]
  3425 | Bailey   | Gained mutation: You have hoof-like feet. [demonic
                  | ancestry]
  3425 | Bailey   | Reached XP level 9. HP: 62/62 MP: 14/17
  3489 | Bailey   | Found a large runed translucent door.
  3489 | Bailey   | Found a large runed translucent door.
  3490 | Bailey   | Noticed an orc knight
  3490 | Bailey   | Noticed a deep elf pyromancer
  3916 | D:6      | Found a burning altar of Makhleb.
  4214 | D:6      | Reached skill level 6 in Axes
  4357 | D:6      | Found a hazy altar of Hepliaklqana.
  4957 | D:5      | Found a bloodstained altar of Trog.
  4988 | D:5      | Noticed Pikel
  5004 | D:5      | Killed Pikel
  5209 | D:7      | Found Buelet's Armour Shop.
  5394 | D:7      | Found Vauseph's General Store.
  5542 | D:7      | Found a staircase to the Ecumenical Temple.
  5594 | Temple   | Entered the Ecumenical Temple
  5599 | Temple   | Became a worshipper of Gozag Ym Sagoz the Greedy
  5803 | D:7      | Reached skill level 7 in Axes
  5925 | D:7      | Found Rotruafae's General Store.
  5928 | D:7      | Bought a scroll of butterflies for 52 gold pieces
  6198 | D:8      | Noticed a komodo dragon
  6203 | D:8      | Found a radiant altar of Vehumet.
  6211 | D:8      | Killed a komodo dragon
  6296 | D:8      | Learned a level 4 spell: Dispel Undead
  6310 | D:8      | Identified a scroll of acquirement
  6311 | D:8      | Acquired a +0 cloak of stealth
  6399 | D:8      | Gained mutation: You are surrounded by a strong repulsion
                  | field. (EV +4, RMsl) [demonic ancestry]
  6399 | D:8      | Reached XP level 10. HP: 65/70 MP: 18/18
  6648 | D:8      | Reached skill level 5 in Stealth
  6879 | D:8      | Noticed Prince Ribbit
  6891 | D:8      | Killed Prince Ribbit
  8364 | D:9      | Found a staircase to the Lair.
  8421 | D:9      | Reached skill level 8 in Axes
  8797 | D:9      | Found a staircase to the Orcish Mines.
  8804 | D:9      | Identified the +2 chain mail of Philately {-Cast Rampage
                  | rPois rN+++}
  9201 | D:10     | Entered Level 10 of the Dungeon
  9326 | D:10     | Gained mutation: You have hooves in place of feet. [demonic
                  | ancestry]
  9326 | D:10     | Reached XP level 11. HP: 78/78 MP: 20/20
  9770 | D:10     | Reached skill level 5 in Fighting
  9770 | D:10     | Reached skill level 5 in Necromancy
 10118 | D:10     | Found a broken altar of Ashenzari.
 10126 | D:10     | Identified the ring of Emuor {+Blink Fly Will+ EV+5 Int-5}
 11447 | D:7      | Bought the +4 helmet of Muttered Phrases {Rampage Int+6}
                  | for 485 gold pieces
 11540 | Lair:1   | Entered Level 1 of the Lair of Beasts
 11568 | Lair:1   | Noticed Grum
 11575 | Lair:1   | Killed Grum
 11708 | Lair:1   | Reached skill level 1 in Evocations
 11884 | Lair:1   | Noticed Erica
 11889 | Lair:1   | Killed Erica
 12011 | Lair:1   | Noticed Nergalle
 12021 | Lair:1   | Killed Nergalle
 12022 | Lair:1   | Reached skill level 5 in Dodging
 12421 | Lair:1   | Reached skill level 5 in Armour
 12447 | Lair:1   | Gained mutation: You regenerate a little health from kills.
                  | [demonic ancestry]
 12447 | Lair:1   | Reached XP level 12. HP: 37/88 MP: 20/22
 12971 | Lair:2   | Noticed a seven-headed hydra
 12993 | Lair:1   | Reached skill level 9 in Axes
 13014 | Lair:2   | Noticed Sonja
 13015 | Lair:2   | Killed Sonja
 13029 | Lair:2   | Killed a five-headed hydra
 13578 | Lair:2   | Found a runed translucent gate.
 13578 | Lair:2   | Found a runed translucent gate.
 13578 | Lair:2   | Found a runed translucent gate.
 13579 | Lair:2   | Noticed dogaso222's ghost (journeyman KoBr)
 13745 | Lair:2   | Found a staircase to the Snake Pit.
 14448 | Lair:3   | Noticed Snorg
 14462 | Lair:3   | Killed Snorg
 14689 | Lair:3   | Found a staircase to the Shoals.
 14730 | Lair:3   | Noticed a catoblepas
 14744 | Lair:3   | Killed a catoblepas
 14745 | Lair:3   | Reached XP level 13. HP: 70/95 MP: 24/24
 14982 | Lair:3   | Identified the +0 leather armour of Joamarazu {rF++}
 15605 | Lair:4   | Reached skill level 10 in Axes
 16272 | Lair:4   | Found a staircase to the Slime Pits.
 16537 | Lair:5   | Entered Level 5 of the Lair of Beasts
 16652 | Lair:5   | Identified the staff of cold "Xegext" {rC+ MP+9 Int+3
                  | Stlth+}
 16746 | Lair:5   | Noticed Kirke
 16763 | Lair:5   | Killed Kirke
 16850 | Lair:5   | Gained mutation: You regenerate health from kills. [demonic
                  | ancestry]
 16850 | Lair:5   | Reached XP level 14. HP: 73/105 MP: 26/26
 16876 | Lair:5   | Reached skill level 5 in Evocations
 17181 | Lair:4   | Learned a level 4 spell: Animate Armour
 17260 | Lair:5   | Reached skill level 1 in Earth Magic
 17532 | Lair:5   | Reached skill level 1 in Unarmed Combat
 17676 | Lair:4   | Bought the +8 mithril axe "Arga" {speed, Will+} for 1873
                  | gold pieces
 17676 | Lair:4   | Found the +8 mithril axe "Arga" {speed, Will+}
 18510 | D:11     | Reached skill level 11 in Axes
 20481 | D:13     | Found a gate leading to a gauntlet.
 20490 | Gauntlet | Entered a Gauntlet
 20490 | Gauntlet | Found a transporter.
 20490 | Gauntlet | Found a transporter.
 20490 | Gauntlet | Found a transporter.
 20494 | Gauntlet | Found a transporter.
 20494 | Gauntlet | Found a transporter.
 20508 | Gauntlet | Found a transporter.
 20529 | Gauntlet | Found a transporter.
 20552 | Gauntlet | Found a transporter.
 20573 | Gauntlet | Found a transporter.
 20579 | Gauntlet | Found a transporter.
 20629 | Gauntlet | Found a transporter.
 20680 | Gauntlet | Found a transporter.
 21035 | Gauntlet | Identified the ring of Feluoq {Int+2 Slay+4 Stlth+}
 21041 | Gauntlet | Got Witchery, Part One
 21045 | Gauntlet | Learned a level 1 spell: Magic Dart
 21153 | Gauntlet | Reached skill level 1 in Conjurations
 21414 | D:13     | Learned a level 3 spell: Tukima's Dance
 21857 | D:14     | Found a gate to the Vaults.
 21857 | D:14     | Noticed an ironbound preserver
 21907 | D:14     | Killed an ironbound preserver
 22256 | D:14     | Gained mutation: When hurt, damage is shared between your
                  | health and your magic reserves. [demonic ancestry]
 22256 | D:14     | Reached XP level 15. HP: 112/112 MP: 27/27
 22605 | D:14     | Reached skill level 1 in Hexes
 23328 | D:14     | Bought a translucent helmet for 342 gold pieces
 23328 | D:14     | Identified the +5 helmet "Uciteav" {rN+ Will+ Str+3} (You
                  | bought it in a shop on level 14 of the Dungeon)
 23402 | D:15     | Entered Level 15 of the Dungeon
 23895 | D:15     | Identified the +2 chain mail of the Bard {Harm Str+3
                  | Slay-5}
 24479 | D:15     | Found a staircase to the Depths.
 24852 | Orc:1    | Entered Level 1 of the Orcish Mines
 24864 | Orc:1    | Reached skill level 1 in Shields
 25175 | Orc:2    | Entered Level 2 of the Orcish Mines
 25180 | Orc:2    | Found a staircase to the Elven Halls.
 25704 | Orc:2    | Reached skill level 5 in Earth Magic
 25724 | Orc:2    | Found Cuulabb's Jewellery Boutique.
 25724 | Orc:2    | Found Paute's General Store.
 25726 | Orc:2    | Found Fenisom's Magic Scroll Emporium.
 25732 | Orc:2    | Found Diaxtuufai's Antique Armour Shop.
 25739 | Orc:2    | Bought a scroll of identify for 30 gold pieces
 25739 | Orc:2    | Bought a scroll of magic mapping for 112 gold pieces
 25739 | Orc:2    | Bought a potion of resistance for 150 gold pieces
 25739 | Orc:2    | Bought a wand of flame (9) for 94 gold pieces
 25739 | Orc:2    | Bought a wand of acid (7) for 441 gold pieces
 25743 | Orc:2    | Bought a scroll of identify for 34 gold pieces
 25743 | Orc:2    | Bought a scroll of identify for 34 gold pieces
 25743 | Orc:2    | Bought a scroll of teleportation for 51 gold pieces
 25743 | Orc:2    | Bought a scroll of identify for 34 gold pieces
 25743 | Orc:2    | Bought a scroll of magic mapping for 127 gold pieces
 25743 | Orc:2    | Bought a scroll of identify for 34 gold pieces
 25743 | Orc:2    | Bought a scroll of butterflies for 68 gold pieces
 25743 | Orc:2    | Bought a scroll of enchant weapon for 127 gold pieces
 25749 | Orc:2    | Bought a jewelled ring mail for 243 gold pieces
 25749 | Orc:2    | Identified the +3 ring mail "Jafiaril" {Str+3 Dex-2 Stlth+}
                  | (You bought it in a shop on level 2 of the Orcish Mines)
 26099 | Orc:1    | Noticed Jorgrun
 26111 | Orc:1    | Killed Jorgrun
 26116 | Orc:1    | Noticed Josephine
 26128 | Orc:1    | Killed Josephine
 26138 | Orc:1    | Gained mutation: When low on magic, you restore magic in
                  | place of health. [demonic ancestry]
 26138 | Orc:1    | Reached XP level 16. HP: 118/118 MP: 25/29
 26232 | Orc:1    | Noticed Gastronok
 26251 | Orc:1    | Killed Gastronok
 26252 | Orc:1    | Reached skill level 5 in Unarmed Combat
 26563 | Snake:1  | Entered Level 1 of the Snake Pit
 26599 | Snake:1  | Reached skill level 5 in Conjurations
 26655 | Snake:1  | Found Logu's Weapon Boutique.
 26662 | Snake:1  | Found Hodghub's Distillery.
 26786 | Snake:1  | Bought a potion of curing for 51 gold pieces
 26786 | Snake:1  | Bought 2 potions of mutation for 272 gold pieces
 26786 | Snake:1  | Bought a potion of curing for 51 gold pieces
 26786 | Snake:1  | Bought a potion of curing for 51 gold pieces
 26786 | Snake:1  | Bought a potion of curing for 51 gold pieces
 26795 | Snake:1  | Bought 5 datura-tipped darts for 90 gold pieces
 27183 | Snake:1  | Reached skill level 10 in Summonings
 27471 | Snake:2  | Reached skill level 5 in Shields
 27855 | Snake:2  | Reached skill level 12 in Axes
 28160 | Snake:2  | Found Roes's Antique Armour Shop.
 28342 | Snake:2  | Reached skill level 5 in Hexes
 28542 | Snake:2  | Acquired 966 gold pieces
 29637 | Snake:3  | Noticed Asterion
 29646 | Snake:3  | Noticed Louise
 29654 | Snake:3  | Reached XP level 17. HP: 54/126 MP: 14/30
 29654 | Snake:3  | Killed Asterion
 29745 | Snake:3  | Killed Louise
 29950 | Snake:3  | Noticed Roxanne
 29980 | Snake:3  | Killed Roxanne
 30406 | Snake:3  | Found an ancient bone altar of Kikubaaqudgha.
 30531 | Snake:4  | Entered Level 4 of the Snake Pit
 30713 | Snake:4  | Reached skill level 10 in Stealth
 31758 | Snake:4  | HP: 5/127 [salamander tyrant (8)]
 32107 | Snake:4  | Got a serpentine rune of Zot
 32314 | Snake:4  | Reached skill level 13 in Axes
 32577 | Shoals:1 | Entered Level 1 of the Shoals
 32811 | Shoals:1 | Gained mutation: You are robust. (+10% HP) [demonic
                  | ancestry]
 32811 | Shoals:1 | Reached XP level 18. HP: 96/147 MP: 25/31
 32904 | Shoals:1 | Found Soliqis's Book Shoppe.
 32918 | Shoals:1 | Bought a book of Storms for 364 gold pieces
 33228 | Shoals:1 | Learned a level 4 spell: Summon Lightning Spire
 33480 | Shoals:1 | Bought a pair of embroidered gloves for 247 gold pieces
 33927 | Shoals:2 | Annihilated by an alligator snapping turtle

Illustrated notes

Levels and vault maps discovered:
D:1:      lemuel_arrival_funnel, layout_rooms, minmay_close_crescents
D:2:      layout_loops_ring, basic_altar,
          dreamdust_ecumenical_altar_drowned_temple, serial_shops,
          nicolae_shop_just_a_little_nook
D:3:      layout_basic, gammafunk_ghost_necromancy
D:4:      layout_loops_ring, jmf_multi_god_temple2, kennysheep_generic_room_6
D:5:      layout_gridville, mainiacjoe_overflow_concentric_impassable,
          chequers_serial_rivers_room_b, uniq_pikel
D:6:      layout_layer_cave, nicolae_hepliaklqana_hazy_memory,
          lemuel_round_altar
D:7:      layout_loops_corners, minmay_temple_entry_proselytizer, serial_shops,
          nicolae_shop_tiny_real_fake_doors, shop, shop, nicolae_lakefront_shop,
          enter_bailey_3, lightli_minifort
D:8:      layout_rooms, nicolae_vehumet_radiance, serial_bayou,
          serial_bayou_lagoon_a, serial_bayou_lagoon_b, serial_bayou_pond_a,
          serial_bayou_crossing, serial_bayou_shore_a, roderic_lattice_a,
          disabler_island, uniq_prince_ribbit1
D:9:      nicolae_cairo_tiling, layout_stronghold
D:10:     lemuel_troll_bridge, layout_basic, nicolae_ashenzari_panopticon,
          hangedman_tell_no_tales
D:11:     wad_woods_minihive, layout_basic
D:12:     layout_stronghold, serial_column_ruins, column_ruins_hut_ruined,
          column_ruins_hut, column_ruins_open_tiny,
          column_ruins_corridor_dead_end, column_ruins_corridor_corner,
          column_ruins_grid_3, column_ruins_open_tiny,
          column_ruins_columns_dead_end, argonaut_gorgonesque
D:13:     layout_layer_cave, gauntlet_entry_generic
D:14:     layout_stronghold, skrybe_vaults_entry_preservation,
          nrook_pool_corridor
D:15:     grunt_enter_depths_magical_seal, layout_loops_corners
Temple:   nicolae_temple_bog_church
Lair:1:   layout_loops_ring, grunt_megastairs_5, uniq_nergalle, uniq_erica,
          uniq_grum
Lair:2:   layout_loops_ring, minmay_snake_entry_guardpost_small,
          ebering_ghost_rock_garden, minmay_holes, infiniplex_staircase_pool,
          uniq_sonja
Lair:3:   layout_hall_layers, elwin_shoals_entry_rocks, grunt_megastairs_2,
          uniq_snorg
Lair:4:   layout_roguey, dpeg_slime_entry_corner, st_stairs_4,
          cheibrodos_lair_lostbears
Lair:5:   minmay_lair_end_frog_pond, layout_big_grid,
          chequers_serial_rivers_room_a, uniq_kirke
Shoals:1: layout_shoals, serial_shops, nicolae_shop_waterfront
Shoals:2: layout_shoals, nicolae_shoals_bring_sunscreen
Snake:1:  layout_misc_corridors, library_closet, grunt_ministairs_4,
          minmay_shoptagon
Snake:2:  layout_chambers, serial_shops, shop, serial_bayou_shore_b,
          nicolae_integral_box
Snake:3:  layout_onion, basic_altar, uniq_roxanne, uniq_asterion, uniq_louise
Snake:4:  grunt_snake_rune_pools, layout_onion
Orc:1:    layout_diamond_mine, uniq_gastronok, uniq_josephine, uniq_jorgrun
Orc:2:    st_orc_rangers, layout_diamond_mine, elf_legates

Skill      XL: |  1  2  3  4  5  6  7  8  9 10 11 12 13 14 15 16 17 18 |
---------------+-------------------------------------------------------+-----
Spellcasting   | 1 2 3 4 5 6 7 8 9 |  9.7
Summonings     | 1 2 3 4 5 6 7 8 9 10 | 10.2
Axes           | 2 5 7 8 9 10 11 12 13 | 13.1
Dodging        | 1 2 4 5 6 7 8 9 |  9.4
Necromancy     | 1 2 3 4 5 6 7 8 |  8.1
Armour         | 1 2 3 4 5 6 7 |  7.4
Stealth        | 4 5 6 7 8 9 10 | 10.2
Fighting       | 3 4 6 8 9 |  9.7
Throwing       | 2 3 4 |  4.4
Evocations     | 1 3 4 5 6 8 |  8.3
Earth Magic    | 3 5 6 7 |  7.3
Unarmed Combat | 2 4 6 7 |  7.2
Conjurations   | 2 4 6 7 |  7.8
Hexes          | 3 5 6 |  6.8
Shields        | 3 5 6 7 |  7.1
Short Blades   | |  1.7
Air Magic      | |  0.6

Action                     |  1- 3 |  4- 6 |  7- 9 | 10-12 | 13-15 | 16-18 || total
---------------------------+-------+-------+-------+-------+-------+-------++-------
  Melee: Dagger            |    84 |       |       |       |       |       ||    84
         Kick              |     9 |    12 |    46 |   153 |   331 |   406 ||   957
         War axe           |    16 |    47 |   166 |   414 |   282 |       ||   925
         Punch             |     1 |       |     1 |     6 |    12 |       ||    20
         Scimitar          |       |       |       |     2 |    29 |       ||    31
         Staff             |       |       |       |       |     3 |       ||     3
         Broad axe         |       |       |       |       |   556 |   868 ||  1424
  Throw: Dart              |       |     4 |    42 |    21 |    13 |     4 ||    84
         Throwing net      |       |       |     1 |     4 |       |       ||     5
         Boomerang         |       |       |       |     2 |     1 |       ||     3
   Cast: Call Canine Famil |       |       |     6 |    14 |    46 |    13 ||    79
         Animate Armour    |       |       |       |       |    21 |    30 ||    51
         Tukima's Dance    |       |       |       |       |     6 |    21 ||    27
 Invoke: Call Merchant     |       |       |       |       |     2 |     1 ||     3
Ability: Evoke Blink       |       |       |       |       |       |     1 ||     1
  Evoke: Wand              |       |       |     3 |     5 |     1 |     1 ||    10
         Phantom mirror    |       |       |       |       |       |     1 ||     1
    Use: Potion            |     1 |       |     5 |     1 |     9 |    11 ||    27
         Scroll            |       |     4 |     9 |     9 |    10 |     4 ||    36
   Stab: Sleeping          |     7 |     3 |       |    17 |    30 |    25 ||    82
         Held in net/web   |       |       |     2 |     1 |       |       ||     3
         Distracted        |       |       |     1 |     4 |    14 |    16 ||    35
 Armour: Robe              |    32 |    11 |    30 |    75 |   184 |    90 ||   422
  Dodge: Dodged            |    81 |    39 |   109 |   336 |   921 |   709 ||  2195
         Repelled          |       |       |       |     3 |     5 |    24 ||    32
  Block: Other             |       |     9 |    53 |    67 |       |       ||   129
         Reflection        |       |       |     3 |       |       |       ||     3
         Kite shield       |       |       |       |       |   133 |   534 ||   667

Table legend: (Time is in decaauts)
 A = Elapsed time spent in this place.
 B = Non-inter-level travel time spent in this place.
 C = Inter-level travel time spent in this place.
 D = Time resting spent in this place.
 E = Time spent auto-exploring this place.
 F = Levels seen in this place.
 G = Mean time per level.
                   A        B        C        D        E       F      G
               +--------+--------+--------+--------+--------+-----+--------+
         Total |  33822 |  32069 |   1753 |   4066 |  20137 |  31 | 1091.0 |
       Dungeon |  17079 |  15958 |   1121 |   1724 |  11032 |  15 | 1138.6 |
        Temple |     14 |      8 |      6 |      0 |      0 |   1 |   14.0 |
          Lair |   6674 |   6236 |    438 |    713 |   4049 |   5 | 1334.8 |
        Shoals |   1321 |   1317 |      4 |    270 |    684 |   2 |  660.5 |
     Snake Pit |   5841 |   5719 |    122 |   1131 |   3019 |   4 | 1460.2 |
  Orcish Mines |   1587 |   1528 |     59 |      4 |    992 |   2 |  793.5 |
        Bailey |    444 |    444 |      0 |    224 |      0 |   1 |  444.0 |
      Gauntlet |    858 |    858 |      0 |      0 |    361 |   1 |  858.0 |
               +--------+--------+--------+--------+--------+-----+--------+

Top non-repeatable levels by time:
 Snake:2: 2155 daAuts
    D:10: 1955 daAuts
 Snake:4: 1894 daAuts
     D:8: 1825 daAuts
    D:14: 1608 daAuts
  Lair:1: 1548 daAuts
     D:7: 1483 daAuts
     D:9: 1424 daAuts
  Lair:5: 1390 daAuts
    D:15: 1307 daAuts
  Lair:4: 1306 daAuts
Shoals:1: 1299 daAuts
  Lair:2: 1285 daAuts
  Lair:3: 1143 daAuts
     D:6: 1139 daAuts
